 Dungeon Crawl Stone Soup version 0.31-a0-177-g4aa6249778 (webtiles) character file.

Game seed: 9691601530722114084

151 LobsterGuardian the Firebug (level 5, -3/35 HPs)
             Began as a Demonspawn Fire Elementalist on June 19, 2023.
             Slain by an iguana (11 damage)
             ... on level 3 of the Dungeon.
             The game lasted 00:05:14 (2156 turns).

LobsterGuardian the Firebug (DsFE)                  Turns: 2156, Time: 00:05:15

Health: -3/35      AC:  3    Str:  8    XL:     5   Next: 10%
Magic:  3/8        EV: 12    Int: 18    God:
Gold:   121        SH:  0    Dex: 14    Spells: 5/8 levels left

rFire   . . .        (no weapon)
rCold   . . .        (no shield)
rNeg    . . .        a - +1 robe
rPois   .            (no helmet)
rElec   .            (no cloak)
rCorr   .            (gloves unavailable)
SInv    +            (no boots)
Will    +....        (no amulet)
Stlth   ++           e - ring of willpower
HPRegen 0.25/turn    k - ring of see invisible
MPRegen 0.11/turn

%: no passive effects
@: no status effects
A: claws 3
a: no special abilities


You were on level 3 of the Dungeon.
You visited 1 branch of the dungeon, and saw 3 of its levels.

You collected 121 gold pieces.

Inventory:

Armour
 a - a +1 robe (worn)
 i - the +5 ice dragon scales of Lethargy {rF- rC++ Will+}
   (You found it on level 2 of the Dungeon)

   rF:        It makes you vulnerable to fire.
   rC:        It greatly protects you from cold.
   Will:      It increases your willpower.
Jewellery
 e - a ring of willpower (left claw)
 k - a ring of see invisible (right claw)
Scrolls
 c - a scroll of silence {unknown}
 f - a scroll of enchant armour
 g - 3 scrolls of blinking
 h - a scroll of amnesia {unknown}
 j - a scroll of fear
Potions
 b - 2 potions of magic


   Skills:
 - Level 0.2 Armour
 - Level 2.0 Dodging
 - Level 1.7 Stealth
 - Level 2.0 Spellcasting
 - Level 1.0 Conjurations
 * Level 5.1 Fire Magic


You had 5 spell levels left.
You knew the following spells:

 Your Spells              Type           Power      Damage    Failure   Level
a - Foxfire               Conj/Fire      48%        2x1d6     4%          1
b - Scorch                Fire           40%        2d7       3%          2

Your spell library contained the following spells:

 Spells                   Type           Power      Damage    Failure   Level
 Inner Flame              Hex/Fire       11%        N/A       19%         3
 Volatile Blastmotes      Fire/Tloc      22%        2d11      19%         3
 Flame Wave               Conj/Fire      12%        2d6       45%         4


Dungeon Overview and Level Annotations

Branches:
Dungeon (3/15)

Altars:

Shops:
D:3 :


Innate Abilities, Weirdness & Mutations

You have claws for hands.


Message History

There is a large open door here.
Found an escape hatch in the floor.
There is an escape hatch in the floor here.
You open the door.
An iguana comes into view.
An iguana is nearby!
Flames lash the iguana.
The iguana hisses angrily.
The iguana is moderately wounded.
The iguana's fire resistance burns away.
You scratch the iguana but do no damage.
The iguana is moderately wounded.
The iguana misses you.
You barely miss the iguana.
The iguana is moderately wounded.
The iguana bites you.
You scratch the iguana but do no damage.
The iguana is moderately wounded.
The iguana bites you.
You scratch the iguana but do no damage.
The iguana is moderately wounded.
The iguana is no longer more vulnerable to fire.
The iguana bites you!
You closely miss the iguana.
The iguana is moderately wounded.
The iguana bites you!
You are too injured to fight recklessly!
You are too injured to fight recklessly!
You are too injured to fight recklessly!
Casting: Scorch (safe; 3% risk of failure)
Confirm with . or Enter, or press ? or * to list all spells.
You conjure some foxfire!
The iguana bites you.
* * * LOW HITPOINT WARNING * * *
Casting: Foxfire (safe; 4% risk of failure)
Confirm with . or Enter, or press ? or * to list all spells.
Flames lash the iguana.
The iguana is heavily wounded.
The iguana's fire resistance burns away.
The iguana bites you!
You die...

#### #....
......##################
......l@v.......##......
......#########.##......
.###. #........... #
#.#.........
#.#.........
#.####......
#.#.........
#.#...######
#...........


You could see an iguana (combustible, ally target).

Vanquished Creatures
  A black bear (D:3)
  3 adders (D:2)
  2 dart slugs
  An orc (D:2)
  4 bats
  5 endoplasms
  A giant cockroach (D:1)
  4 hobgoblins
  3 kobolds
  A quokka (D:2)
  A ball python (D:2)
  A frilled lizard (D:2)
  2 rats (D:3)
29 creatures vanquished.

Vanquished Creatures (collateral kills)
  A foxfire (D:1)
1 creature vanquished.

Vanquished Creatures (others)
  36 foxfires
36 creatures vanquished.

Grand Total: 66 creatures vanquished

Notes
Turn   | Place    | Note
-------+----------+-------------------------------------------
     0 | D:1      | LobsterGuardian the Demonspawn Fire Elementalist began the
                  | quest for the Orb.
     0 | D:1      | Reached XP level 1. HP: 13/13 MP: 3/3
   226 | D:1      | Reached skill level 3 in Fire Magic
   328 | D:1      | Gained mutation: You have sharp fingernails. [demonic
                  | ancestry]
   328 | D:1      | Reached XP level 2. HP: 13/19 MP: 0/5
   815 | D:2      | Learned a level 2 spell: Scorch
   839 | D:2      | Identified the +5 ice dragon scales of Lethargy {rF- rC++
                  | Will+}
   927 | D:2      | Reached XP level 3. HP: 16/24 MP: 4/6
  1255 | D:2      | HP: 1/36 [poisoned by an adder]
  1735 | D:2      | Reached skill level 4 in Fire Magic
  1864 | D:3      | Found Waus's Book Boutique.
  1923 | D:3      | Noticed a black bear
  1954 | D:3      | Killed a black bear
  1955 | D:3      | Reached skill level 5 in Fire Magic
  1955 | D:3      | Gained mutation: You have very sharp fingernails. [demonic
                  | ancestry]
  1955 | D:3      | Reached XP level 4. HP: 30/30 MP: 0/7
  1955 | D:3      | Gained mutation: You have claws for hands. [demonic
                  | ancestry]
  1955 | D:3      | Reached XP level 5. HP: 35/35 MP: 0/8
  2156 | D:3      | Slain by an iguana

Illustrated notes

Levels and vault maps discovered:
D:1:      matt_arrival_grand_opening, layout_loops_ring, serial_bayou,
          serial_bayou_pond_e, serial_bayou_lagoon_b, serial_bayou_pond_a,
          serial_bayou_lake_a
D:2:      layout_basic, mrwooster_statue_mirror
D:3:      kennysheep_big_flooded_room, layout_basic, kennysheep_slug_shrine,
          mainiacjoe_overflow_alcove_1, old_standard_altar, serial_shops, shop

Skill      XL: |  1  2  3 |
---------------+----------+-----
Fire Magic     | 3 5 |  5.1
Dodging        | 2 |  2.0
Armour         | |  0.2
Stealth        | |  1.7
Spellcasting   | |  2.0
Conjurations   | |  1.0

Action                     |  1- 3 |  4- 6 || total
---------------------------+-------+-------++-------
  Melee: Dagger            |    94 |       ||    94
         Unarmed           |     4 |     6 ||    10
         Punch             |     2 |       ||     2
   Cast: Foxfire           |    24 |     1 ||    25
         Scorch            |     4 |     6 ||    10
    Use: Scroll            |     4 |       ||     4
         Potion            |     3 |       ||     3
 Armour: Robe              |     6 |       ||     6
         Ice dragon scales |    40 |       ||    40
         Skin              |     2 |       ||     2
  Dodge: Dodged            |    51 |     2 ||    53

Table legend: (Time is in decaauts)
 A = Elapsed time spent in this place.
 B = Non-inter-level travel time spent in this place.
 C = Inter-level travel time spent in this place.
 D = Time resting spent in this place.
 E = Time spent auto-exploring this place.
 F = Levels seen in this place.
 G = Mean time per level.
                   A        B        C        D        E       F      G
               +--------+--------+--------+--------+--------+-----+--------+
         Total |   2207 |   2103 |    104 |      0 |   1790 |   3 |  735.7 |
       Dungeon |   2207 |   2103 |    104 |      0 |   1790 |   3 |  735.7 |
               +--------+--------+--------+--------+--------+-----+--------+

Top non-repeatable levels by time:
     D:2: 1039 daAuts
     D:1: 875 daAuts
     D:3: 291 daAuts
